Map: Ваанийская исследовательская станция (Void)

Players

FLIGHTER - Winner!

  • Race: Protoss Protoss
  • League: Silver
  • Spawn Location: 6:00

OldSkuLL

  • Race: Zerg Zerg
  • League: Gold
  • Spawn Location: 12:00

VOD

Have the link to the VOD?

Description

Time

  • Played on: Jan. 16, 2017, 10:41 a.m.
  • Length: 17:59
Show
View Real Time Build Order
Export as new Build Order

FLIGHTER Protoss - Winner!

Build Orders: 1 Gate Expand, Blink Stalkers 

Get SALT Encoding   

  12  0:01  Probe (Chrono Boost)  
  13  0:11  Probe (Chrono Boost)  
  14  0:23  Pylon  
  14  0:24  Probe (Chrono Boost)  
  15  0:41  Probe (Chrono Boost), Gateway  
  16  0:49  Assimilator  
  16  0:52  Probe (Chrono Boost)  
  17  1:02  Probe (Chrono Boost)  
  18  1:13  Probe (Chrono Boost)  
  19  1:24  Nexus  
  19  1:37  Cybernetics Core  
  19  1:41  Assimilator  
  19  1:43  Probe (Chrono Boost)  
  20  1:53  Probe (Chrono Boost)  
  21  2:01  Pylon  
  21  2:04  Probe (Chrono Boost)  
  22  2:13  Warp Gate  
  22  2:19  Mothership Core (Chrono Boost)  
  24  2:34  Twilight Council  
  24  2:37  Probe (Chrono Boost)  
  24  2:40  Pylon  
  25  2:48  Robotics Facility, Probe (Chrono Boost)  
  26  2:55  Probe (Chrono Boost)  
  27  2:59  Probe (Chrono Boost)  
  29  3:05  Probe (Chrono Boost)  
  29  3:06  Gateway  
  29  3:20  Pylon  
  29  3:22  Probe (Chrono Boost)  
  29  3:23  Probe (Chrono Boost)  
  31  3:33  Probe x2 (Chrono Boost)  
  33  3:40  Observer  
  34  3:44  Probe x2 (Chrono Boost)  
  34  3:47  Blink  
  36  3:54  Pylon  
  36  4:00  Pylon  
  36  4:07  Gateway x2  
  36  4:21  Warp Prism  
  38  4:29  Dark Shrine  
  38  4:38  Probe (Chrono Boost)  
  39  4:43  Assimilator  
  40  4:45  Probe (Chrono Boost)  
  40  4:48  Assimilator  
  40  4:56  Probe (Chrono Boost)  
  41  5:03  Gateway x2  
  41  5:05  Gateway  
  41  5:06  Gateway  
  41  5:07  Probe (Chrono Boost)  
  42  5:17  Probe x2 (Chrono Boost)  
  44  5:28  Probe x2 (Chrono Boost)  
  46  5:35  Adept x3  
  52  5:37  Adept  
  52  5:38  Probe (Chrono Boost)  
  55  5:50  Resonating Glaives  
  55  6:06  Stalker x4  
  61  6:36  Immortal  
  59  6:43  Stalker  
  59  6:44  Stalker x4  
  59  6:45  Stalker  
  59  6:46  Stalker x2  
  75  7:02  Forge  
  75  7:04  Forge  
  75  7:29  Pylon  
  75  7:30  Charge  
  75  7:34  Pylon  
  75  7:37  Pylon  
  75  7:40  Protoss Ground Armor Level 1, Protoss Ground Weapons Level 1  
  75  7:42  Pylon  
  75  7:47  Immortal  
  77  8:19  Stalker x5  
  81  8:20  Stalker x3  
  69  8:52  Assimilator  
  69  8:53  Nexus  
  69  8:54  Assimilator, Pylon  
  61  8:56  Pylon  
  61  8:58  Pylon  
  61  9:01  Stalker x3  
  61  9:02  Stalker x5  
  71  9:11  Probe (Chrono Boost)  
  72  9:17  Pylon  
  72  9:22  Probe (Chrono Boost)  
  73  9:25  Immortal  
  77  9:32  Robotics Facility  
  77  9:33  Probe (Chrono Boost)  
  78  9:41  Stalker x2  
  82  9:51  Protoss Ground Weapons Level 2  
  70  10:50  Stalker x2  
  70  10:51  Stalker x5  
  70  10:52  Stalker  
  80  11:19  Probe (Chrono Boost)  
  80  11:20  Probe (Chrono Boost)  
  80  11:23  Nexus  
  76  11:28  Observer x2  
  76  11:30  Probe (Chrono Boost)  
  76  11:31  Probe (Chrono Boost)  
  78  11:40  Probe (Chrono Boost)  
  78  11:41  Probe (Chrono Boost)  
  78  11:51  Probe (Chrono Boost)  
  78  11:52  Probe (Chrono Boost)  
  78  12:01  Probe (Chrono Boost)  
  78  12:02  Probe (Chrono Boost)  
  78  12:04  Observer x2  
  78  12:06  Stalker x3  
  78  12:07  Stalker x5  
  98  12:25  Immortal x2  
  100  12:41  Zealot  
  100  12:42  Zealot x3  
  72  13:12  Stalker x5  
  80  13:13  Stalker x2  
  80  13:19  Probe (Chrono Boost)  
  79  13:30  Probe (Chrono Boost)  
  80  13:40  Probe (Chrono Boost)  
  81  14:00  Nexus  
  81  14:05  Dark Templar x5  
  80  14:56  Zealot x6  
  80  14:57  Zealot x2  
  96  15:43  Stalker  
  96  15:44  Stalker x4  
  96  15:45  Nexus, Stalker x3  
  96  15:46  Assimilator  
  96  15:49  Assimilator  
  112  15:51  Pylon  
  112  15:54  Pylon  
  112  15:56  Pylon  
  112  15:57  Stargate, Pylon  
  112  16:00  Stargate  
  112  16:02  Stargate  
  112  16:16  Immortal x2  
  112  16:18  Stalker x2  
  120  16:48  Fleet Beacon  
  120  16:55  Observer x2  
  120  17:33  Stalker  
  120  17:34  Stalker x5  
  120  17:35  Stalker x2  
Show
View Real Time Build Order
Export as new Build Order

OldSkuLL Zerg 

Build Orders: Pool First 

Get SALT Encoding   

  12  0:01  Drone  
  13  0:11  Drone  
  14  0:20  Extractor x2  
  12  0:21  Drone  
  12  0:22  Drone  
  16  0:34  Overlord  
  16  0:44  Spawning Pool  
  15  0:54  Drone x2  
  17  1:15  Hatchery  
  16  1:19  Drone x2  
  16  1:22  Extractor  
  16  1:23  Drone  
  18  1:34  Queen  
  18  1:38  Drone  
  21  1:46  Drone  
  22  1:57  Overlord  
  22  2:15  Queen  
  24  2:17  Zergling x4  
  24  2:21  Metabolic Boost  
  26  2:28  Zergling x4  
  28  2:30  Queen  
  28  2:35  Zergling x2  
  31  2:42  Zergling x2  
  32  2:49  Drone  
  32  2:50  Baneling Nest  
  32  2:54  Drone x2  
  34  2:59  Overlord  
  34  3:11  Drone x2  
  36  3:17  Drone x3  
  39  3:25  Drone x4  
  43  3:31  Overlord  
  43  3:40  Zergling x2  
  43  3:43  Overlord  
  43  3:47  Lair  
  43  3:51  Drone x2  
  43  3:53  Drone  
  46  4:13  Hatchery  
  46  4:14  Drone x5  
  46  4:15  Drone  
  51  4:30  Extractor  
  50  4:35  Drone x6  
  56  4:48  Overseer  
  56  5:01  Drone x2  
  56  5:04  Spore Crawler  
  57  5:23  Zergling x4  
  57  5:27  Overlord x3  
  59  5:30  Spine Crawler  
  58  5:36  Overlord  
  55  5:55  Zergling x14  
  55  5:56  Zergling x10  
  66  6:01  Overseer  
  66  6:03  Baneling x2  
  66  6:10  Spore Crawler  
  65  6:12  Spine Crawler  
  65  6:16  Baneling x2  
  65  6:17  Baneling x4  
  57  6:45  Extractor  
  57  6:46  Extractor  
  55  6:50  Drone x3  
  55  6:51  Drone x4  
  62  6:54  Drone x2  
  62  7:00  Zergling x16  
  72  7:07  Centrifical Hooks  
  72  7:08  Roach Warren  
  71  7:10  Drone x2  
  73  7:25  Drone x4  
  73  7:27  Baneling x3  
  73  7:28  Baneling x3  
  77  7:44  Hydralisk Den  
  73  7:59  Roach x9  
  73  8:00  Roach  
  87  8:15  Zergling x18  
  87  8:16  Zergling x4  
  94  8:20  Ravager x3  
  96  8:31  Overlord x2  
  96  8:39  Extractor  
  90  9:10  Extractor  
  90  9:16  Hatchery  
  88  9:20  Hatchery  
  88  9:23  Baneling  
  87  9:24  Baneling x3  
  87  9:25  Baneling x5  
  87  9:26  Zergling x10  
  87  9:27  Zergling x2  
  87  9:31  Muscular Augments  
  93  9:50  Overlord  
  93  9:56  Pneumatized Carapace  
  93  9:58  Burrow  
  93  10:04  Hatchery  
  82  10:24  Drone x6  
  82  10:25  Drone x6  
  88  10:41  Roach x5  
  90  10:44  Baneling  
  90  10:45  Baneling x4, Zergling x2  
  90  10:46  Zergling x2  
  92  10:55  Spine Crawler  
  92  10:56  Spine Crawler, Zergling x8  
  93  10:59  Spine Crawler  
  91  11:08  Roach  
  91  11:09  Roach x7  
  102  11:11  Queen  
  102  11:36  Roach x2  
  102  11:37  Roach x3, Hydralisk x7  
  102  11:38  Hydralisk x6  
  133  11:46  Ravager x2  
  118  11:50  Zergling x4  
  118  11:53  Zergling x12  
  111  11:59  Roach x7  
  116  12:05  Roach x3  
  121  12:21  Ravager x2  
  121  12:22  Ravager  
  76  12:51  Zergling x8  
  76  12:52  Zergling x18  
  76  12:53  Zergling x14  
  91  13:13  Baneling x4  
  91  13:14  Baneling x3  
  91  13:19  Hydralisk x7  
  94  13:20  Hydralisk  
  94  13:22  Extractor  
  94  13:25  Extractor  
  102  13:40  Evolution Chamber  
  102  13:41  Evolution Chamber  
  100  13:53  Spine Crawler, Spore Crawler  
  98  14:03  Infestation Pit  
  98  14:07  Glial Reconstitution  
  97  14:11  Spire  
  96  14:17  Baneling x6  
  96  14:18  Roach, Baneling  
  98  14:28  Spine Crawler  
  98  14:30  Spine Crawler, Hatchery  
  86  14:44  Drone x2  
  86  14:45  Drone x3  
  91  15:05  Zerg Missile Weapons Level 1  
  91  15:06  Zerg Ground Armor Level 1  
  91  15:18  Spore Crawler  
  90  15:23  Roach x2  
  90  15:24  Roach x3  
  100  15:56  Drone x5  
  100  15:57  Drone x8  
  108  15:59  Queen  
  108  16:04  Spore Crawler  
  114  16:06  Zergling x4  
  111  16:42  Extractor  
  111  16:43  Mutalisk x9  
  111  16:44  Mutalisk  
  130  16:58  Drone x4  
  134  17:18  Overlord x3  
  134  17:41  Evolution Chamber  
  133  17:46  Spine Crawler  
Tags
 
Add a new tag
Caveats
  • Supply blocks, unpowered buildings, or Contaminate may cause inaccurate times.
  • Supply counts are checked every 10 seconds.